 Dungeon Crawl Stone Soup version 0.24.0-125-gc4c63601f3 (webtiles) character file.

Game seed: 6626133162034704123, levelgen mode: deterministic

67 H0rd4k the Charlatan (level 4, 0/32 HPs)
             Began as a Human Artificer on Mar 11, 2020.
             Succumbed to a hobgoblin's poison
             ... on level 2 of the Dungeon.
             The game lasted 00:01:40 (1008 turns).

H0rd4k the Charlatan (Human Artificer)              Turns: 1008, Time: 00:01:40

Health: 0/32       AC:  3    Str: 13    XL:     4   Next: 38%
Magic:  6/6        EV: 12    Int: 12    God:
Gold:   96         SH:  0    Dex: 13    Spells: 3/3 levels left

rFire    . . .     SeeInvis .   a - +0 short sword
rCold    . . .     Gourm    .   (no shield)
rNeg     . . .     Faith    .   b - +0 leather armour
rPois    .         Spirit   .   (no helmet)
rElec    .         Reflect  .   (no cloak)
rCorr    .         Harm     .   (no gloves)
MR       .....                  (no boots)
Stlth    ++........             (no amulet)
HPRegen  0.10/turn              (no ring)
MPRegen  0.10/turn              (no ring)

@: lethally poisoned (0 -> -5)
A: no striking features
a: no special abilities


You were on level 2 of the Dungeon.
You were not hungry.

You visited 1 branch of the dungeon, and saw 2 of its levels.

You collected 96 gold pieces.

Inventory:

Hand Weapons
 a - a +0 short sword (weapon)
Missiles
 j - 19 poisoned darts (quivered)
Armour
 b - a +0 leather armour (worn)
Wands
 c - a wand of flame (7)
 d - a wand of enslavement (14)
 e - a wand of random effects (15)
Scrolls
 g - a scroll of random uselessness {unknown}
 h - a scroll of immolation {unknown}
 i - a scroll of teleportation {unknown}
 l - 2 scrolls of remove curse {unknown}
Comestibles
 f - 2 rations


   Skills:
 + Level 1.2 Fighting
 + Level 2.0 Short Blades
 + Level 0.9 Armour
 + Level 2.7 Dodging
 + Level 1.4 Stealth
 + Level 3.6 Evocations


You had 3 spell levels left.
You didn't know any spells.
Your spell library was empty.

Dungeon Overview and Level Annotations

Branches:
Dungeon (2/15)

Altars:
Okawaru


Message History

You are lethally poisoned!
You see here a poisoned dart.
* * * LOW HITPOINT WARNING * * *
You feel sick. The bat hits you but does no damage.
The hobgoblin throws a poisoned dart.
The poisoned dart barely misses you.
You see here a poisoned dart.
* * * LOW HITPOINT WARNING * * *
You feel sick.
* * * LOW HITPOINT WARNING * * *
You feel sick. The bat barely misses you. The bat hits you but does no damage.
There is an open door here.
The bat barely misses you. The bat misses you.
* * * LOW HITPOINT WARNING * * *
You feel sick. The bat barely misses you.
You aren't carrying any potions.
Unknown command.
* * * LOW HITPOINT WARNING * * *
You feel sick. The bat misses you. The bat misses you.
You die...

#.# ##...## #.# #.# #.# #.###
##.....###.# #.# #.# #.#.##
##.......##.###.###.#
#....####.........#.##...##.##
#....((.'.........†...........
###g...####.........#.........##
#...#.## ##..b....###.##.###.#
#...### ##.....## #.##.# #.#
#...# ##.@.## #.##.###.# ##.##
##+## #........# ##.# #.#
####.##### ##†#.######### #.#
######.# ....#...<÷.).###.##
#......#
#....#######.##...###.######
.#...# #####)#....†.....# _?#..#
#..........###.#.# .# ..#
#.###.##...# #.#.#


You could see a bat.

Vanquished Creatures
  An adder (D:2)
  3 gnolls (D:2)
  2 dart slugs
  A leopard gecko (D:2)
  5 bats
  A giant cockroach (D:1)
  A goblin (D:1)
  3 hobgoblins (D:1)
  4 jackals (D:2)
  3 frilled lizards (D:1)
  A kobold (D:1)
  2 rats
27 creatures vanquished.

Vanquished Creatures (others)
  A gnoll (D:2)
1 creature vanquished.

Grand Total: 28 creatures vanquished

Notes
Turn   | Place    | Note
-------+----------+-------------------------------------------
     0 | D:1      | H0rd4k the Human Artificer began the quest for the Orb.
     0 | D:1      | Reached XP level 1. HP: 15/15 MP: 3/3
   192 | D:1      | Reached XP level 2. HP: 21/21 MP: 4/4
   703 | D:2      | Reached XP level 3. HP: 26/26 MP: 5/5
   731 | D:2      | Reached XP level 4. HP: 14/32 MP: 6/6
   963 | D:2      | Found an iron altar of Okawaru.
  1006 | D:2      | HP: 1/32 [poisoned by a hobgoblin]
  1008 | D:2      | Succumbed to a hobgoblin's poison

Levels and vault maps discovered:
D:1:      psy_arrival_heroes, layout_basic
D:2:      layout_loops_corners, kennysheep_slug_shrine, okawaru_metal_pillars_3,
          nicolae_dithmenos_through_a_glass_darkly

Skill      XL: |  1  2  3 |
---------------+----------+-----
Short Blades   | 2 |  2.0
Fighting       | |  1.2
Armour         | |  0.9
Dodging        | |  2.7
Stealth        | |  1.4
Evocations     | |  3.6

Action                   |  1- 3 |  4- 6 || total
-------------------------+-------+-------++-------
Melee: Short sword       |    67 |    46 ||   113
Throw: Dart              |     1 |       ||     1
Evoke: Wand              |     8 |     1 ||     9
 Stab: Sleeping          |     2 |       ||     2
Armor: Leather armour    |    25 |    26 ||    51
Dodge: Dodged            |    60 |    62 ||   122
